 Dungeon Crawl Stone Soup version 0.17-a0-1997-ga88ed7d (console) character file.

21870 loynis2 the Bludgeoner (level 12, -3/104 HPs)
             Began as a Troll Fire Elementalist on Oct 8, 2015.
             Was a High Priest of Okawaru.
             Slain by a blink frog (19 damage)
             ... on level 4 of the Lair of Beasts.
             The game lasted 01:14:49 (17281 turns).

loynis2 the Bludgeoner (Troll Fire Elementalist)   Turns: 17281, Time: 01:14:49

Health: -3/104     AC:  6    Str: 20    XL:     12   Next: 58%
Magic:  11/13      EV:  8    Int:  6    God:    Okawaru [*****.]
Gold:   3          SH:  0    Dex: 13    Spells: 1 memorised, 12 levels left

rFire  + . .     SeeInvis +     z - +7 giant spiked club
rCold  + . .     Clarity  .     a - +0 robe
rNeg   . . .     SustAt   .     (no shield)
rPois  +         Gourm    +     (helmet restricted)
rElec  .         Spirit   .     P - +0 cloak {+Inv}
rCorr  .         Warding  .     (gloves unavailable)
rMut   .         Stasis   .     (boots unavailable)
MR     .....                    i - amulet of faith
Stlth  ++++......               p - ring of protection from cold
                                Z - ring of Dyx Oxut {rPois rF+ Int-5 SInv Stlth+}

@: heroism, not resistant to hostile enchantments, stealthy
A: unfitting armour, claws 3, fast metabolism 3, gourmand, regeneration 2,
shaggy fur 1, tough skin 2
a: Heroism, Finesse, Renounce Religion, Evoke Invisibility


You were on level 4 of the Lair of Beasts.
You worshipped Okawaru.
Okawaru was extremely pleased with you.
You were very full.

You visited 3 branches of the dungeon, and saw 15 of its levels.
You also visited: Bailey.

You collected 786 gold pieces.
You spent 783 gold pieces at shops.

Inventory:

Hand Weapons
 u - a +0 blowgun
 z - a +7 giant spiked club (weapon)
 T - the +10 dark maul {crush}
   (Okawaru gifted it to you on level 3 of the Lair of Beasts)

   It inflicts extra damage upon your enemies.
Missiles
 o - 5 silver javelins (quivered)
 v - 44 poisoned needles
 y - 2 needles of slowing
Armour
 a - a +0 robe (worn)
 g - a +1 cloak
 D - a +0 animal skin
 L - the +0 robe of Eckucaing {rC- Int+7}
   (You found it on level 5 of the Dungeon)

   It affects your intelligence (+7).
   It makes you vulnerable to cold.
 P - a +0 cloak of invisibility (worn)
Jewellery
 i - an amulet of faith (around neck)
 p - a ring of protection from cold (right claw)
 E - a +1 ring of protection
 I - an uncursed ring of wizardry
 O - an uncursed ring of flight
 Z - the ring of Dyx Oxut (left claw) {rPois rF+ Int-5 SInv Stlth+}
   (You bought it in a shop on level 7 of the Dungeon)

   [ring of stealth]

   It affects your intelligence (-5).
   It protects you from fire.
   It protects you from poison.
   It lets you see invisible.
   It makes you more stealthy.
Wands
 d - a wand of polymorph (12)
 l - a wand of digging (20)
 F - a wand of paralysis (10)
 N - a wand of cold (3)
Scrolls
 j - 7 scrolls of remove curse
 n - 2 scrolls of fog
 s - 2 scrolls of fear
 A - 3 scrolls of amnesia
 G - a scroll of holy word
 Q - 3 scrolls of enchant armour
 U - a scroll of teleportation
 W - a scroll of summoning {unknown}
 X - a scroll of recharging
Potions
 e - 7 potions of curing
 q - a potion of brilliance
 r - a potion of resistance
 J - 2 potions of mutation
 M - a potion of might {unknown}
 S - a potion of lignification
Books
 b - a book of Flames

   Spells                             Type                      Level
   a - Flame Tongue                   Conjuration/Fire             1
   b - Throw Flame                    Conjuration/Fire             2
   c - Conjure Flame                  Conjuration/Fire             3
   d - Inner Flame                    Hexes/Fire                   3
   e - Sticky Flame                   Conjuration/Fire             4
   f - Fireball                       Conjuration/Fire             5
 K - a book of Summonings

   Spells                             Type                      Level
   a - Recall                         Summoning/Translocation      3
   b - Aura of Abjuration             Summoning                    5
   c - Shadow Creatures               Summoning                    5
   d - Summon Demon                   Summoning                    5
   e - Summon Forest                  Summoning/Translocation      5
   f - Summon Mana Viper              Hexes/Summoning              5
Miscellaneous
 k - a plain deck of wonders
 B - a plain deck of defence {drawn: 4}
 Y - a stone of tremors
Comestibles
 c - 16 bread rations
 h - 6 meat rations
 m - 4 slices of pizza
 R - a royal jelly
 V - 2 beef jerkies


   Skills:
 - Level 2.7(7.7) Fighting
 * Level 17.3(22.3) Maces & Flails
 - Level 1.5(6.5) Dodging
 - Level 1.1(6.1) Stealth
 - Level 1.2 Spellcasting
 - Level 0.6 Conjurations
 - Level 2.1 Fire Magic
 - Level 1.9 Invocations
 + Level 2.9 Evocations


You had 12 spell levels left.
You knew the following spells:

 Your Spells              Type           Power        Failure   Level  Hunger
a - Flame Tongue          Conj/Fire      #....        28%         1    ##.....


Dungeon Overview and Level Annotations

Branches:
Dungeon (10/15)            Temple (1/1) D:7            Lair (4/8) D:9
  Swamp: Lair:3-6    Shoals: Lair:3-6     Snake: Lair:3-6    Spider: Lair:3-6
    Orc: D:9-12

Altars:
Ashenzari
Cheibriados
Dithmenos
Elyvilon
Fedhas
Gozag
Kikubaaqudgha
Makhleb
Nemelex Xobeh
Okawaru
Qazlal
Ru
Sif Muna
Trog
Vehumet
Xom
Yredelemnul
Zin
The Shining One

Shops:
D:6 *=[   D:7 =

Annotations:
D:6 chimenez's ghost, novice TrFi
D:8 Maurice


Innate Abilities, Weirdness & Mutations

You are too large for most types of armour.
You have claws for hands.
Your metabolism is lightning-fast.
You like to eat raw meat.
You heal very quickly.
You are covered in fur (AC +1).
You have very tough skin (AC +2).


Message History

There is a stone staircase leading down, spattered with blood here.
You climb downwards.
The blink frog hits you!
* * * LOW HITPOINT WARNING * * *
The blink frog blinks!
The blink frog closely misses you.
There is a stone staircase leading up, spattered with blood here.
Drink which item? (? for menu, Esc to quit)
Okay, then.
Use which ability?
You gain the combat prowess of a mighty hero.
You feel slightly less full. The blink frog misses you.
You miss the blink frog.
The blink frog is moderately wounded.
The blink frog hits you.
* * * LOW HITPOINT WARNING * * *
Drink which item? (? for menu, Esc to quit)
Okay, then.
The blink frog barely misses you. The blink frog hits you!
* * * LOW HITPOINT WARNING * * *
The blink frog hits you!!
You die...

### ..# ..#
####### ...#
./....P###..#
PP(........#
#.....F@..#
.......F#..#
...........P#
...........##
............#
............#
..........#.#
.............
.............#


You could see 2 blink frogs.

Vanquished Creatures
  2 unseen horrors (D:10)
  A hill giant (D:8)
  Pikel (D:4)
  A black mamba (Lair:1)
  3 spiny frogs
  9 komodo dragons
  2 blink frogs
  Grinder (D:6)
  Prince Ribbit (D:5)
  A polar bear (Lair:3)
  A spriggan (D:8)
  2 hippogriffs
  34 yaks
  A basilisk (Lair:1)
  Eustachio (D:5)
  3 wyverns
  4 centaurs
  3 hungry ghosts
  9 water moccasins
  8 porcupines
  An ice beast (D:10)
  6 ogres
  3 orc warriors
  3 phantoms
  2 slaves (D:4)
  9 crocodiles
  A big kobold (D:6)
  Blork the orc (D:6)
  11 giant frogs
  A gnoll sergeant (D:6)
  A wyvern skeleton (D:9)
  5 scorpions
  3 wights (D:9)
  A jelly (D:10)
  4 killer bees (D:9)
  2 centaur zombies
  2 giant frog zombies (D:5)
  6 hounds
  A wasp zombie (D:6)
  3 crimson imps
  A quasit (D:5)
  4 giant frog skeletons
  6 orc priests
  Crazy Yiuf (D:5)
  13 orc wizards
  6 gnoll shamans
  A centaur skeleton (D:8)
  14 iguanas
  12 worker ants
  29 sheep
  A hound skeleton (D:6)
  44 gnolls
  40 river rats
  A shadow imp (D:5)
  10 adders
  An adder skeleton (D:6)
  2 adder zombies
  2 worms (D:3)
  42 orcs
  5 bats
  4 giant cockroaches
  9 goblins
  5 quokkas
  5 giant geckos
  3 giant newts
  2 goblin zombies (D:4)
  43 jackals
  A jackal skeleton (D:5)
  12 kobolds
  8 rats
481 creatures vanquished.

Vanquished Creatures (others)
  A slave (D:4)
  2 gnolls (D:4)
  4 fungi
  2 plants (Lair:3)
9 creatures vanquished.

Grand Total: 490 creatures vanquished

Notes
Turn   | Place    | Note
--------------------------------------------------------------
     0 | D:1      | loynis2 the Troll Fire Elementalist began the quest for the Orb.
     0 | D:1      | Reached XP level 1. HP: 16/16 MP: 1/1
   119 | D:1      | Reached skill level 1 in Fighting
   129 | D:1      | Reached XP level 2. HP: 27/27 MP: 2/2
   134 | D:1      | Reached skill level 1 in Maces & Flails
   795 | D:2      | Reached XP level 3. HP: 30/33 MP: 3/3
  1301 | D:3      | Reached XP level 4. HP: 26/42 MP: 4/4
  1727 | D:3      | Reached skill level 3 in Maces & Flails
  1727 | D:3      | Reached XP level 5. HP: 34/50 MP: 5/5
  2495 | D:4      | Found a sparkling altar of Nemelex Xobeh.
  2560 | D:3      | Reached skill level 4 in Maces & Flails
  2815 | D:4      | Reached XP level 6. HP: 31/59 MP: 6/6
  3233 | D:4      | Noticed a slave
  3233 | D:4      | Noticed a slave
  3261 | D:4      | Killed a slave
  3276 | D:4      | Killed a slave
  3333 | D:4      | Noticed Pikel
  3335 | D:4      | Noticed a slave
  3336 | D:4      | Noticed a slave
  3382 | D:4      | Killed Pikel
  3382 | D:4      | Reached skill level 7 in Maces & Flails
  3382 | D:4      | Reached XP level 7. HP: 27/66 MP: 7/7
  3668 | D:4      | Noticed an ogre
  3735 | D:3      | Reached XP level 8. HP: 56/74 MP: 8/8
  3956 | D:3      | Killed an ogre
  3956 | D:3      | Reached skill level 8 in Maces & Flails
  4456 | D:4      | Reached skill level 9 in Maces & Flails
  4463 | D:4      | Killed a freed slave
  4943 | D:5      | Entered Level 5 of the Dungeon
  4969 | D:5      | Noticed Eustachio
  4979 | D:5      | Killed Eustachio
  5044 | D:5      | Reached skill level 10 in Maces & Flails
  5065 | D:5      | Found a glowing silver altar of Zin.
  5149 | D:5      | Noticed Prince Ribbit
  5174 | D:5      | Killed Prince Ribbit
  5174 | D:5      | Reached XP level 9. HP: 17/80 MP: 9/9
  5325 | D:5      | Noticed Crazy Yiuf
  5330 | D:5      | Killed Crazy Yiuf
  5611 | D:5      | Found a glowing golden altar of the Shining One.
  5719 | D:5      | Got an ichor-stained robe
  5730 | D:5      | Identified the +0 robe of Eckucaing {rC- Int+7} (You found it on level 5 of the Dungeon)
  5990 | D:6      | Found Diexutyz's Jewellery Shop.
  5991 | D:6      | Noticed Blork the orc
  6004 | D:6      | Reached skill level 11 in Maces & Flails
  6071 | D:6      | Found an ancient bone altar of Kikubaaqudgha.
  6120 | D:6      | Noticed Grinder
  6136 | D:6      | Paralysed by Grinder for 3 turns
  6145 | D:6      | Killed Grinder
  6431 | D:6      | Found a deep blue altar of Sif Muna.
  6472 | D:6      | Found Guxer's General Store.
  6676 | D:6      | Noticed chimenez's ghost (novice TrFi)
  6762 | D:6      | Found Didghanix's Antique Armour Shop.
  6865 | D:6      | Killed Blork the orc
  6865 | D:6      | Reached skill level 12 in Maces & Flails
  7306 | D:7      | Found Gaiq's Jewellery Shop.
  7348 | D:6      | Reached XP level 10. HP: 27/88 MP: 10/10
  7827 | D:7      | Found a staircase to the Ecumenical Temple.
  7833 | Temple   | Entered the Ecumenical Temple
  7958 | Temple   | Became a worshipper of Warmaster Okawaru
  8703 | D:8      | Noticed Maurice
  8776 | D:8      | Found a shimmering altar of Xom.
  8875 | D:8      | Noticed a hill giant
  9003 | D:8      | Found a shimmering altar of Xom.
  9003 | D:8      | Found a shimmering altar of Xom.
  9118 | D:8      | Found a shimmering altar of Xom.
  9118 | D:8      | Found a shimmering altar of Xom.
  9119 | D:8      | Found a shimmering altar of Xom.
  9119 | D:8      | Found a shimmering altar of Xom.
  9175 | D:8      | Killed a hill giant
  9175 | D:8      | Reached skill level 13 in Maces & Flails
  9209 | D:8      | Noticed a ghost crab
  9210 | D:8      | Noticed a deep troll
  9210 | D:8      | a ghost crab changed into a deep troll
  9222 | D:8      | Found a shimmering altar of Xom.
  9223 | D:8      | Found a shimmering altar of Xom.
  9556 | D:8      | Acquired Okawaru's first power
  9865 | D:6      | Bought a +6 giant spiked club for 372 gold pieces
 10440 | D:9      | Found a staircase to the Lair.
 10676 | D:9      | Found a shadowy altar of Dithmenos.
 11241 | D:10     | Entered Level 10 of the Dungeon
 11258 | D:10     | Reached skill level 14 in Maces & Flails
 11267 | D:10     | Found a flagged portal.
 11368 | Bailey   | Entered a bailey
 11542 | D:10     | Killed an unseen horror
 11542 | D:10     | Reached skill level 1 in Invocations
 11637 | D:10     | Killed an unseen horror
 11637 | D:10     | Reached XP level 11. HP: 39/96 MP: 11/11
 12108 | Lair:1   | Entered Level 1 of the Lair of Beasts
 12550 | Lair:1   | HP: 4/96 [black mamba (6)]
 12551 | Lair:1   | Reached skill level 15 in Maces & Flails
 13615 | Lair:2   | Acquired Okawaru's second power
 13638 | Lair:2   | Reached skill level 16 in Maces & Flails
 14198 | Lair:2   | Received a gift from Okawaru
 14354 | Lair:2   | Reached XP level 12. HP: 68/104 MP: 12/12
 14546 | Lair:1   | HP: 3/104 [yak (17)]
 15484 | Lair:2   | Reached skill level 1 in Evocations
 15908 | Lair:3   | Reached skill level 17 in Maces & Flails
 16614 | Lair:3   | Received a gift from Okawaru
 17063 | D:7      | Bought the ring of Dyx Oxut {rPois rF+ Int-5 SInv Stlth+} for 411 gold pieces
 17281 | Lair:4   | Slain by a blink frog

Vault maps used:
D:1:      dpeg_arrival_boxorama, dk_noncrumbling_3
D:2:      hangedman_decor_clover_reticule, supply_closet_lemuel
D:4:      lemuel_castle_with_subvaults, nemelex_deck, enter_ossuary_4,
          uniq_pikel
D:5:      nicolae_overflow_crystal_walls, old_standard_altar, first_bread,
          uniq_crazy_yiuf_cottage, uniq_eustachio, uniq_prince_ribbit1
D:6:      lemuel_crystal_altar, kiku_gazebo_garden_becter, serial_shops,
          shop_fountains, shop, shop, uniq_blork_the_orc, uniq_grinder
D:7:      minmay_temple_entry_hall, serial_shops, shop, grunt_decor_mini_mirrors
D:8:      xom_shifter_show, the_bakery, uniq_maurice
D:9:      nicolae_dithmenos_the_darkroom, lair_0_dummy
D:10:     enter_bailey_2
Temple:   circular_temple_12
Lair:1:   forest_paths
Lair:2:   beast_lair_carwin_large_1
Lair:3:   basic_altar, uniq_snorg
Lair:4:   bh_chokoban, hibernation_bobbens
Bailey:   bailey_polearm_2, bailey

Action                   |  1- 3 |  4- 6 |  7- 9 | 10-12 || total
-------------------------+-------+-------+-------+-------++-------
Melee: Unarmed           |   142 |   160 |       |       ||   302
       Flail             |       |   124 |    69 |       ||   193
       Giant club        |       |       |   415 |   112 ||   527
       Giant spiked club |       |       |    11 |   652 ||   663
       Maul              |       |       |       |     7 ||     7
 Fire: Blowgun           |       |     6 |     7 |     7 ||    20
Invok: Heroism           |       |       |       |    19 ||    19
Evoke: Deck              |       |       |     3 |     1 ||     4
  Use: Potion            |       |     1 |     6 |     2 ||     9
       Scroll            |       |       |     4 |    17 ||    21
 Stab: Sleeping          |     3 |       |     2 |     6 ||    11
       Distracted        |       |       |     1 |     3 ||     4
  Eat: Chunk             |    16 |    21 |    38 |   106 ||   181
       Fruit             |       |       |       |     4 ||     4
       Beef jerky        |       |       |       |     4 ||     4
       Royal jelly       |       |       |       |     1 ||     1
